 Seeded DCSS version 0.29.1-15-g9cfb28693d (webtiles) character file.

Game seed: 6629668334475111826 (custom seed)

19148 Gelion the Blocker (level 12, -4/97 HPs)
             Began as a Gnoll Fighter on Apr 16, 2023.
             Was a High Priest of Okawaru.
             Slain by a molten gargoyle
             ... wielding a +0 dire flail
              (17 damage)
             ... in a volcano on Apr 18, 2023.
             The game lasted 00:35:24 (19789 turns).

Gelion the Blocker (Gnoll Fighter)                 Turns: 19789, Time: 00:35:25

Health: -4/97      AC: 20    Str: 19    XL:     12   Next: 66%
Magic:  23/23      EV: 12    Int:  8    God:    Okawaru [*****.]
Gold:   627        SH:  6    Dex: 13    Spells: 26/26 levels left

rFire   + . .      SeeInvis +   a - +4 trident (vorpal)
rCold   + . .      Faith    .   c - +0 buckler
rNeg    . . .      Spirit   .   b - +0 scale mail
rPois   .          Reflect  .   i - +0 helmet
rElec   .          Harm     .   D - scarf {rC+ rF+}
rCorr   .          Rampage  .   y - +2 pair of gloves
Will    .....                   k - +1 pair of boots
Stlth   +++.......              (no amulet)
HPRegen 0.26/turn               r - ring "Ytuaps" {SInv Stlth+}
MPRegen 0.18/turn               j - +4 ring of protection

@: no status effects
A: fangs 1, strong nose, distributed training
a: Renounce Religion, Heroism, Finesse, Duel


You were in a volcano.
You worshipped Okawaru.
Okawaru was extremely pleased with you.
You visited 3 branches of the dungeon, and saw 15 of its levels.
You also visited: Volcano.

You collected 1003 gold pieces.
You spent 376 gold pieces at shops.

Inventory:

Hand Weapons
 a - a +4 vorpal trident (weapon)
Missiles
 f - a throwing net (quivered)
 m - an atropa-tipped dart
 u - 7 javelins
 E - a boomerang of dispersal
Armour
 b - a +0 scale mail (worn)
 c - a +0 buckler (worn)
 i - a +0 helmet (worn)
 k - a +1 pair of boots (worn)
 w - a +0 plate armour
 y - a +2 pair of gloves (worn)
 D - a scarf of resistance (worn)
Jewellery
 h - a +6 ring of strength
 j - a +4 ring of protection (right hand)
 r - the ring "Ytuaps" (left hand) {SInv Stlth+}
   (You acquired it on level 3 of the Lair of Beasts)

   [ring of see invisible]

   SInv:      It lets you see invisible.
   Stlth:     It makes you more stealthy.
 x - a ring of wizardry
Wands
 n - a wand of light (1)
 A - a wand of paralysis (15)
Scrolls
 d - 2 scrolls of immolation
 g - 2 scrolls of poison
 p - a scroll of enchant weapon
 t - 2 scrolls of amnesia
 C - 5 scrolls of identify
 H - a scroll of silence
 I - 3 scrolls of fear
Potions
 e - 3 potions of degeneration
 l - 2 potions of resistance
 o - 2 potions of flight
 q - 2 potions of lignification
 s - 4 potions of mutation
 v - a potion of magic
 z - 6 potions of curing
 B - 2 potions of might
 F - 2 potions of brilliance


   Skills:
 + Level 10.2 Fighting
 + Level 7.8 Short Blades
 + Level 7.8 Long Blades
 + Level 7.8 Axes
 + Level 7.8 Maces & Flails
 + Level 9.1 Polearms
 + Level 7.8 Staves
 + Level 7.8 Ranged Weapons
 + Level 7.8 Throwing
 + Level 10.2 Armour
 + Level 7.8 Dodging
 + Level 7.8 Stealth
 + Level 10.2 Shields
 + Level 7.8 Unarmed Combat
 + Level 7.8 Spellcasting
 + Level 6.4 Conjurations
 + Level 6.4 Hexes
 + Level 6.4 Summonings
 + Level 6.4 Necromancy
 + Level 6.4 Translocations
 + Level 6.4 Transmutations
 + Level 6.4 Fire Magic
 + Level 6.4 Ice Magic
 + Level 6.4 Air Magic
 + Level 6.4 Earth Magic
 + Level 6.4 Poison Magic
 + Level 8.5 Invocations
 + Level 7.8 Evocations


You had 26 spell levels left.
You didn't know any spells.
Your spell library contained the following spells:

 Spells                   Type           Power      Damage    Failure   Level
 Slow                     Hex            52%        N/A       4%          1
 Sublimation of Blood     Necr           13%        N/A       6%          2
 Confusing Touch          Hex            13%        N/A       12%         3
 Dazzling Flash           Conj/Hex       26%        N/A       12%         3
 Gell's Gravitas          Tloc           13%        N/A       12%         3
 Lesser Beckoning         Tloc           13%        N/A       12%         3
 Teleport Other           Tloc           13%        N/A       12%         3
 Vampiric Draining        Necr           13%        2d6       12%         3
 Fulminant Prism          Conj/Hex       6%         3d7       38%         4
 Iskenderun's Mystic Bla  Conj/Tloc      13%        2d5       38%         4
 Petrify                  Tmut/Erth      13%        N/A       38%         4
 Agony                    Necr           13%        N/A       75%         5
 Irradiate                Conj/Tmut      6%         3d13      75%         5
 Lee's Rapid Deconstruct  Erth           6%         3d7*      75%         5
 Silence                  Hex/Air        6%         N/A       75%         5
 Dispersal                Tloc           6%         N/A       99%         6


Dungeon Overview and Level Annotations

Branches:
Dungeon (11/15)            Temple (1/1) D:5            Lair (3/5) D:11
    Orc (0/2) D:10        Volcano (1/1)
  Swamp: Lair:2-3    Shoals: Lair:2-3     Snake: Lair:2-3    Spider: Lair:2-3

Altars:
Ashenzari
Cheibriados
Dithmenos
Elyvilon
Fedhas
Gozag
Hepliaklqana
Kikubaaqudgha
Makhleb
Nemelex Xobeh
Okawaru
Qazlal
Ru
Sif Muna
Trog
Uskayaw
Vehumet
Wu Jian
Xom
Yredelemnul
Zin
The Shining One

Shops:
D:6 *?=?

Portals:
Abyss: D:5

Annotations:
D:5 2 transporters, safid's ghost, amateur MfIE


Innate Abilities, Weirdness & Mutations

You have very sharp teeth.
Your uncanny sense of smell can sniff out nearby items.
Your experience applies equally to all skills.


Message History

You closely miss the wizard.
The wizard is lightly wounded.
The wizard hits you but does no damage. You block the orc knight's attack.
As you read the scroll of teleportation, it crumbles to dust.
You feel strangely unstable. The wizard hits you but does no damage.
The orc knight closely misses you.
The orc knight attacks as you move away!
The orc knight hits you with a +2 dire flail of flaming!
The orc knight burns you. The wizard attacks as you move away!
You block the wizard's attack.
The molten gargoyle blasts magma at you!
The bolt of magma hits the wizard!
The wizard partially resists.
The bolt of magma hits you!! You partially resist.
* * * LOW HITPOINT WARNING * * *
Your surroundings suddenly seem different.
You start resting.
A molten gargoyle is nearby!
A salamander comes into view.
You open the large door. You block the molten gargoyle's attack.
There is a large open door here.
The molten gargoyle attacks as you move away!
The molten gargoyle completely misses you.
You barely miss the molten gargoyle.
The molten gargoyle hits you with a +0 dire flail.
* * * LOW HITPOINT WARNING * * *
You are engulfed in flames.
You resist.
* * * LOW HITPOINT WARNING * * *
You hit the molten gargoyle but do no damage.
The molten gargoyle hits you with a +0 dire flail.
* * * LOW HITPOINT WARNING * * *
You are engulfed in flames.
You resist.
* * * LOW HITPOINT WARNING * * *
You barely miss the molten gargoyle.
You bite the molten gargoyle, but do no damage.
You block the molten gargoyle's attack.
You barely miss the molten gargoyle.
You bite the molten gargoyle, but do no damage.
The molten gargoyle hits you with a +0 dire flail!
You die...

#..##.'..###.#9
#..####.9##..#☼
########..# #..#☼.#~~
##.8..8##..####..○..~~~
#8.....'.8...8#..'.#~~~
#......'.)....####..~~~
#∩.∩...#..⌠...# ####~#
#......'......# ~~
#8....@9.8...8# ~o
##.8..8##..#### ~~
########..# ~~ #..#
#..# ∆ #..# #..# #..# ∆
#..#


You could see a molten gargoyle.

Vanquished Creatures
  Josephine (D:11)
  2 hydras
  A two-headed ogre (D:10)
  3 cyclopes
  2 slime creatures (D:11)
  An ugly thing (D:11)
  A manticore (D:11)
  2 salamanders (Volcano)
  3 cane toads
  A black mamba (Lair:1)
  Maggie (D:7)
  2 gargoyles
  2 rime drakes (Lair:1)
  An efreet (Volcano)
  3 komodo dragons (Lair:1)
  2 trolls
  A polar bear (Lair:2)
  A shadow (D:11)
  A spriggan (Lair:2)
  A wyvern (D:9)
  4 wraiths
  20 yaks
  4 water moccasins (Lair:1)
  7 orc warriors
  2 black bears
  An ice beast (D:8)
  7 wolves
  5 centaurs
  A phantom (D:4)
  3 kobold brigands
  9 bullfrogs
  2 necrophages
  A scorpion (D:5)
  A gnoll sergeant (D:8)
  5 electric eels
  5 killer bees
  2 howler monkeys
  8 hounds
  9 orc priests
  4 jellies
  2 gnoll boudas
  An iguana (D:7)
  Natasha (thrice) (D:3)
  7 orc wizards
  A mummy (D:7)
  11 adders
  18 gnolls
  A white imp (D:7)
  An ufetubus (D:4)
  2 worms
  5 dart slugs
  47 orcs
  5 bats
  11 endoplasms
  6 giant cockroaches
  13 goblins
  17 hobgoblins
  4 jackals (D:2)
  A quokka (D:2)
  11 ball pythons
  5 frilled lizards
  A hobgoblin zombie (D:7)
  29 kobolds
  A kobold zombie (D:7)
  2 orc zombies (D:7)
  7 rats
  A butterfly (Lair:1)
345 creatures vanquished.

Vanquished Creatures (others)
  An orc wizard (D:8)
  3 kobolds
  4 fungi
  4 plants (Lair:1)
12 creatures vanquished.

Grand Total: 357 creatures vanquished

Notes
Turn   | Place    | Note
-------+----------+-------------------------------------------
     0 | D:1      | Gelion the Gnoll Fighter began the quest for the Orb.
     0 | D:1      | Reached XP level 1. HP: 23/23 MP: 1/1
   121 | D:1      | Found a faded altar of an unknown god.
   350 | D:1      | Reached XP level 2. HP: 25/29 MP: 2/2
   864 | D:1      | Reached XP level 3. HP: 35/35 MP: 3/3
  1082 | D:2      | Reached skill level 1 in Invocations
  1178 | D:2      | Reached skill level 1 in Short Blades
  1178 | D:2      | Reached skill level 1 in Long Blades
  1178 | D:2      | Reached skill level 1 in Axes
  1178 | D:2      | Reached skill level 1 in Maces & Flails
  1178 | D:2      | Reached skill level 1 in Staves
  1178 | D:2      | Reached skill level 1 in Ranged Weapons
  1178 | D:2      | Reached skill level 1 in Throwing
  1178 | D:2      | Reached skill level 1 in Dodging
  1178 | D:2      | Reached skill level 1 in Stealth
  1178 | D:2      | Reached skill level 1 in Unarmed Combat
  1178 | D:2      | Reached skill level 1 in Spellcasting
  1178 | D:2      | Reached skill level 1 in Evocations
  1432 | D:2      | Reached XP level 4. HP: 41/41 MP: 5/5
  1592 | D:2      | Reached skill level 1 in Conjurations
  1592 | D:2      | Reached skill level 1 in Hexes
  1592 | D:2      | Reached skill level 1 in Summonings
  1592 | D:2      | Reached skill level 1 in Necromancy
  1592 | D:2      | Reached skill level 1 in Translocations
  1592 | D:2      | Reached skill level 1 in Transmutations
  1592 | D:2      | Reached skill level 1 in Fire Magic
  1592 | D:2      | Reached skill level 1 in Ice Magic
  1592 | D:2      | Reached skill level 1 in Air Magic
  1592 | D:2      | Reached skill level 1 in Earth Magic
  1592 | D:2      | Reached skill level 1 in Poison Magic
  1903 | D:3      | Found a sparkling altar of Nemelex Xobeh.
  1950 | D:3      | Noticed Natasha
  1955 | D:3      | Killed Natasha
  1956 | D:3      | Reached XP level 5. HP: 32/47 MP: 5/7
  1958 | D:3      | Noticed Natasha
  1965 | D:3      | Killed Natasha
  1981 | D:3      | Noticed Natasha
  2001 | D:3      | Killed Natasha
  2289 | D:3      | Found a basalt altar of Yredelemnul.
  2569 | D:3      | Reached XP level 6. HP: 49/53 MP: 8/8
  2958 | D:3      | Reached skill level 5 in Polearms
  3403 | D:4      | Reached XP level 7. HP: 60/60 MP: 10/10
  3785 | D:5      | Entered Level 5 of the Dungeon
  3817 | D:5      | Found a staircase to the Ecumenical Temple.
  3863 | Temple   | Entered the Ecumenical Temple
  3876 | Temple   | Became a worshipper of Warmaster Okawaru
  4083 | D:5      | Found a transporter.
  4100 | D:5      | Found a transporter.
  4102 | D:5      | Noticed safid's ghost (amateur MfIE)
  4701 | D:5      | Found a one-way gate to the infinite horrors of the Abyss.
  4888 | D:5      | Noticed a toenail golem
  5319 | D:6      | Reached XP level 8. HP: 58/67 MP: 12/12
  5398 | D:6      | Found Cozuoced's Jewellery Emporium.
  5772 | D:6      | Identified the +3 robe of Vuroroph {+Inv Str+2}
  5785 | D:6      | Reached * piety under Okawaru
  5802 | D:6      | Found Ehoimuis's Book Shop.
  5825 | D:6      | Found Plog's Magic Scroll Shoppe.
  5828 | D:6      | Bought a scroll of blinking for 90 gold pieces
  5828 | D:6      | Bought a scroll of brand weapon for 114 gold pieces
  5828 | D:6      | Bought a scroll of enchant armour for 90 gold pieces
  5990 | D:6      | Found Cevuth's Magic Scroll Emporium.
  6004 | D:6      | Found Xeihib's General Store.
  6617 | D:7      | Reached ** piety under Okawaru
  6853 | D:7      | Noticed Maggie
  6886 | D:7      | Killed Maggie
  6887 | D:7      | Reached XP level 9. HP: 44/74 MP: 13/15
  7560 | D:6      | Bought a scroll of magic mapping for 82 gold pieces
  7743 | D:8      | Reached *** piety under Okawaru
  7745 | D:8      | Reached skill level 5 in Invocations
  8123 | D:8      | Found a flagged portal.
  8335 | D:8      | Noticed a troll
  8621 | D:8      | Reached skill level 5 in Short Blades
  8621 | D:8      | Reached skill level 5 in Long Blades
  8621 | D:8      | Reached skill level 5 in Axes
  8621 | D:8      | Reached skill level 5 in Maces & Flails
  8621 | D:8      | Reached skill level 5 in Staves
  8621 | D:8      | Reached skill level 5 in Ranged Weapons
  8621 | D:8      | Reached skill level 5 in Throwing
  8621 | D:8      | Reached skill level 5 in Dodging
  8621 | D:8      | Reached skill level 5 in Stealth
  8621 | D:8      | Reached skill level 5 in Unarmed Combat
  8621 | D:8      | Reached skill level 5 in Spellcasting
  8621 | D:8      | Reached skill level 5 in Evocations
  8628 | D:8      | Reached XP level 10. HP: 81/81 MP: 17/17
  8949 | D:9      | Reached **** piety under Okawaru
  8953 | D:9      | Received a gift from Okawaru
  8983 | D:9      | Received a gift from Okawaru
 10354 | D:10     | Entered Level 10 of the Dungeon
 10841 | D:10     | Noticed a cyclops
 10997 | D:10     | Noticed a two-headed ogre
 11014 | D:10     | Killed a two-headed ogre
 11268 | D:10     | Killed a cyclops
 11438 | D:10     | Reached skill level 5 in Conjurations
 11438 | D:10     | Reached skill level 5 in Hexes
 11438 | D:10     | Reached skill level 5 in Summonings
 11438 | D:10     | Reached skill level 5 in Necromancy
 11438 | D:10     | Reached skill level 5 in Translocations
 11438 | D:10     | Reached skill level 5 in Transmutations
 11438 | D:10     | Reached skill level 5 in Fire Magic
 11438 | D:10     | Reached skill level 5 in Ice Magic
 11438 | D:10     | Reached skill level 5 in Air Magic
 11438 | D:10     | Reached skill level 5 in Earth Magic
 11438 | D:10     | Reached skill level 5 in Poison Magic
 11849 | D:10     | Found a staircase to the Orcish Mines.
 12096 | D:11     | Received a gift from Okawaru
 12097 | D:11     | Reached XP level 11. HP: 87/89 MP: 20/20
 12521 | D:11     | Noticed a cyclops
 12650 | D:11     | Killed a cyclops
 12650 | D:11     | Reached ***** piety under Okawaru
 12795 | D:11     | Found a staircase to the Lair.
 13155 | D:11     | Noticed a manticore
 13170 | D:11     | Killed a manticore
 13834 | D:11     | Noticed a white ugly thing
 13854 | D:11     | Killed a white ugly thing
 13984 | D:11     | Noticed Josephine
 14154 | D:11     | Killed Josephine
 15211 | D:11     | Identified the +1 robe of Xeadgh {rElec Regen+ Str+4}
 15513 | D:11     | Received a gift from Okawaru
 15918 | Lair:1   | Entered Level 1 of the Lair of Beasts
 16238 | Lair:1   | Noticed a five-headed hydra
 16254 | Lair:1   | Reached XP level 12. HP: 84/97 MP: 22/22
 16261 | Lair:1   | Killed a five-headed hydra
 17586 | Lair:1   | Reached skill level 10 in Fighting
 17586 | Lair:1   | Reached skill level 10 in Armour
 17586 | Lair:1   | Reached skill level 10 in Shields
 18400 | Lair:2   | Noticed a four-headed hydra
 18410 | Lair:2   | Killed a four-headed hydra
 18652 | Lair:2   | Identified the +1 pair of boots of Omission {Harm} (Okawaru
                  | gifted it to you on level 2 of the Lair of Beasts)
 18652 | Lair:2   | Received a gift from Okawaru
 19333 | Lair:3   | Found a dark tunnel.
 19334 | Lair:3   | Identified a scroll of acquirement
 19336 | Lair:3   | Acquired the ring "Ytuaps" {SInv Stlth+}
 19347 | Volcano  | Entered a volcano
 19789 | Volcano  | Slain by a molten gargoyle

Illustrated notes

Levels and vault maps discovered:
D:1:      minmay_arrival_split_and_join, layout_basic, basic_ecumenical_altar
D:2:      minmay_inner_zag, layout_loops_ring, minmay_tetromino_i2
D:3:      minmay_chambers_of_twos, layout_basic,
          nemelex_xobeh_ov_fountains_minmay,
          mainiacjoe_overflow_concentric_impassable,
          wander_ebering_terrifying_dragon_lair, uniq_natasha
D:4:      layout_rooms, hangedman_glass_teeth
D:5:      layout_basic, minmay_temple_entry_ruins,
          gammafunk_ghost_abyssal_escape
D:6:      corexii_shantytown, layout_basic, serial_shops, shop, shop_fountains,
          nicolae_shop_waterfront, nicolae_shop_waterfront,
          kennysheep_little_box
D:7:      layout_basic, minmay_mini_ossuary, uniq_maggie
D:8:      layout_basic, enter_bailey_4, nicolae_elevator_lobby_asterisk
D:9:      layout_loops_corners
D:10:     layout_layer_cave, orc_0_dummy, nicolae_sextant
D:11:     layout_gridville, erik_lair_island, uniq_josephine
Temple:   nicolae_temple_bog_church
Lair:1:   layout_chaotic_city, minivault_25, cheibrodos_lair_caveside_slide,
          nicolae_quartered_pool_super, infiniplex_staircase_pool,
          lemuel_fruit_fields
Lair:2:   layout_small_grid, forest_entry_grove, infiniplex_staircase_pool_2
Lair:3:   dpeg_oklob_gauntlet, layout_layer_cave, elwin_shoals_entry_rocks,
          spider_nest_entry_webs, portal_ice_cave_entry_ice_simulacra,
          enter_volcano_1, hangedman_lair_unloving_vines
Volcano:  hellmonk_zot_springs

Skill      XL: |  1  2  3  4  5  6  7  8  9 10 11 12 |
---------------+-------------------------------------+-----
Invocations    | 1 2 3 4 5 6 7 8 |  8.5
Short Blades   | 1 2 3 4 5 6 7 |  7.8
Long Blades    | 1 2 3 4 5 6 7 |  7.8
Axes           | 1 2 3 4 5 6 7 |  7.8
Maces & Flails | 1 2 3 4 5 6 7 |  7.8
Staves         | 1 2 3 4 5 6 7 |  7.8
Ranged Weapons | 1 2 3 4 5 6 7 |  7.8
Throwing       | 1 2 3 4 5 6 7 |  7.8
Dodging        | 1 2 3 4 5 6 7 |  7.8
Stealth        | 1 2 3 4 5 6 7 |  7.8
Unarmed Combat | 1 2 3 4 5 6 7 |  7.8
Spellcasting   | 1 2 3 4 5 6 7 |  7.8
Evocations     | 1 2 3 4 5 6 7 |  7.8
Conjurations   | 1 2 3 4 5 6 |  6.4
Hexes          | 1 2 3 4 5 6 |  6.4
Summonings     | 1 2 3 4 5 6 |  6.4
Necromancy     | 1 2 3 4 5 6 |  6.4
Translocations | 1 2 3 4 5 6 |  6.4
Transmutations | 1 2 3 4 5 6 |  6.4
Fire Magic     | 1 2 3 4 5 6 |  6.4
Ice Magic      | 1 2 3 4 5 6 |  6.4
Air Magic      | 1 2 3 4 5 6 |  6.4
Earth Magic    | 1 2 3 4 5 6 |  6.4
Poison Magic   | 1 2 3 4 5 6 |  6.4
Polearms       | 5 6 7 8 9 |  9.1
Fighting       | 7 8 9 10 | 10.2
Armour         | 7 8 9 10 | 10.2
Shields        | 7 8 9 10 | 10.2

Action                   |  1- 3 |  4- 6 |  7- 9 | 10-12 || total
-------------------------+-------+-------+-------+-------++-------
Melee: Trident           |   105 |   196 |   516 |   786 ||  1603
       Bite              |     6 |    16 |    55 |   104 ||   181
Throw: Throwing net      |       |       |       |     4 ||     4
Invok: Heroism           |       |       |       |     6 ||     6
       Finesse           |       |       |       |     2 ||     2
  Use: Scroll            |       |       |    20 |    17 ||    37
       Potion            |       |       |    10 |     5 ||    15
 Stab: Sleeping          |       |       |     1 |     5 ||     6
       Held in net/web   |       |       |       |     2 ||     2
Armor: Scale mail        |    39 |    51 |   210 |   337 ||   637
Dodge: Dodged            |    49 |    84 |   195 |   381 ||   709
Block: Buckler           |    22 |    41 |   115 |   232 ||   410
